General information
			
			
        
        - name: grudge2
 
        - type: Custom game
 
        - host: TALONSAREIMBA
 
        - saver: kunt.roII
 
        
map: TwistedMeadows 
        - players: 7
 
        - length: 25:51
 
        - speed: Fast
 - version: 1.22 W3XP
 - replay type:  Public
 
» download(242 KB)
Players
        team 1 (winner) 
              
              
TALONSAREIMBA (
red | 135 APM | 3484 actions | 25:50)
              
 8 Crypt Lord 
 3 Carrion Beetles
 3 Spiked Carapace
 1 Locust Swarm
 1 Impale
 4 Death Knight 
 2 Death Coil
 2 Unholy Aura
 2 Keeper of the Grove 
 1 Entangling Roots
 1 Tranquility
 
                » actions 
                
                | Assign group hotkey | 67 |  | 
| Basic commands | 328 |  | 
| Build / train | 64 |  | 
| Enter build submenu | 18 |  | 
| Enter hero's abilities submenu | 14 |  | 
| Give item / drop item | 2 |  | 
| Right click | 1412 |  | 
| Select / deselect | 870 |  | 
| Select group hotkey | 544 |  | 
| Use ability | 165 |  | 
                3484 total
 » units 
                
                | Acolyte | 2 |  | 
| Ghoul | 3 |  | 
| Crypt Fiend | 7 |  | 
| Banshee | 2 |  | 
| Obsidian Statue | 2 |  | 
| Abomination | 6 |  | 
| Frost Wyrm | 5 |  | 
| Dryad | 5 |  | 
| Wisp | 5 |  | 
                37 total
 » upgrades
                
                | Burrow | 1 |  | 
| Banshee Training | 2 |  | 
| Destroyer Form | 1 |  | 
                4 total
 » buildings
                
                | Crypt | 1 |  | 
| Graveyard | 1 |  | 
| Altar of Darkness | 1 |  | 
| Ziggurat | 7 |  | 
| Tomb of Relics | 1 |  | 
| Halls of the Dead | 1 |  | 
| Slaughterhouse | 1 |  | 
| Temple of the Damned | 1 |  | 
| Black Citadel | 1 |  | 
| Sacrificial Pit | 1 |  | 
| Boneyard | 1 |  | 
| Ancient Protector | 2 |  | 
                19 total
 » build order
                00:05 Crypt
00:14 Graveyard
00:30 Altar of Darkness
00:47 Ziggurat
01:13 Tomb of Relics
01:52 Ziggurat
04:07 Halls of the Dead
04:24 Ziggurat
06:29 Slaughterhouse
06:31 Temple of the Damned
07:56 Black Citadel
08:03 Ziggurat
10:13 Ziggurat
10:37 Sacrificial Pit
11:34 Boneyard
11:36 Ziggurat
16:10 Ziggurat
20:18 Ancient Protector
20:20 Ancient Protector
» items
                
                | Rod of Necromancy | 1 |  | 
| Scroll of Town Portal | 3 |  | 
| Potion of Healing | 1 |  | 
                5 total
  
               
              
              
» 
TIMG4STRok (
gray | 168 APM | 2896 actions | 17:14)
              
 4 Keeper of the Grove 
 2 Entangling Roots
 2 Thorns Aura
 1 Pandaren Brewmaster 
 1 Breath of Fire
 
                » actions 
                
                | Assign group hotkey | 19 |  | 
| Basic commands | 104 |  | 
| Build / train | 45 |  | 
| ESC pressed | 2 |  | 
| Enter build submenu | 19 |  | 
| Enter hero's abilities submenu | 5 |  | 
| Remove unit from queue | 1 |  | 
| Right click | 1495 |  | 
| Select / deselect | 281 |  | 
| Select group hotkey | 869 |  | 
| Use ability | 56 |  | 
                2896 total
 » units 
                » upgrades
                
                | Ultravision | 1 |  | 
| Abolish Magic | 1 |  | 
                2 total
 » buildings
                
                | Altar of Elders | 1 |  | 
| Moon Well | 7 |  | 
| Hunter's Hall | 1 |  | 
| Ancient of War | 2 |  | 
| Tree of Ages | 1 |  | 
| Ancient of Wonders | 1 |  | 
| Ancient of Lore | 3 |  | 
| Tree of Life | 2 |  | 
| Ancient Protector | 2 |  | 
                20 total
 » build order
                00:03 Altar of Elders
00:20 Moon Well
01:25 Hunter's Hall
01:46 Ancient of War
02:05 Ancient of War
02:19 Moon Well
02:46 Moon Well
03:26 Moon Well
03:35 Moon Well
06:18 Moon Well
06:21 Tree of Ages
08:07 Ancient of Wonders
08:50 Ancient of Lore
08:50 Ancient of Lore
08:57 Ancient of Lore
10:41 Tree of Life
11:41 Moon Well
14:39 Tree of Life
15:48 Ancient Protector
15:49 Ancient Protector
» items
                
                | Scroll of Town Portal | 3 |  | 
| Potion of Healing | 1 |  | 
| Moonstone | 1 |  | 
| Lesser Clarity Potion | 1 |  | 
| Boots of Speed | 1 |  | 
| Potion of Lesser Invulnerability | 1 |  | 
                8 total
  
               team 2 (loser) 
              
              
greedoFthenoob (
pink | 77 APM | 1988 actions | 25:50)
              
 4 Archmage 
 2 Summon Water Elemental
 2 Brilliance Aura
 3 Mountain King 
 2 Storm Bolt
 1 Thunder Clap
 
                » actions 
                
                | Assign group hotkey | 40 |  | 
| Basic commands | 68 |  | 
| Build / train | 76 |  | 
| ESC pressed | 2 |  | 
| Enter build submenu | 20 |  | 
| Enter hero's abilities submenu | 7 |  | 
| Give item / drop item | 4 |  | 
| Right click | 991 |  | 
| Select / deselect | 563 |  | 
| Select group hotkey | 135 |  | 
| Use ability | 82 |  | 
                1988 total
 » units 
                
                | Peasant | 18 |  | 
| Footman | 3 |  | 
| Rifleman | 9 |  | 
| Mortar Team | 5 |  | 
| Sorceress | 1 |  | 
| Priest | 5 |  | 
| Siege Engine | 4 |  | 
                45 total
 » upgrades
                
                | Long Rifles | 1 |  | 
| Priest Training | 1 |  | 
| Barrage | 1 |  | 
                3 total
 » buildings
                
                | Altar of Kings | 1 |  | 
| Barracks | 1 |  | 
| Farm | 7 |  | 
| Scout Tower | 1 |  | 
| Blacksmith | 1 |  | 
| Arcane Tower | 1 |  | 
| Arcane Vault | 1 |  | 
| Lumber Mill | 1 |  | 
| Keep | 1 |  | 
| Arcane Sanctum | 3 |  | 
| Workshop | 3 |  | 
| Castle | 1 |  | 
                22 total
 » build order
                00:07 Altar of Kings
00:18 Barracks
00:33 Farm
00:48 Farm
01:45 Scout Tower
02:02 Farm
02:19 Blacksmith
03:04 Farm
03:04 Arcane Tower
03:24 Arcane Vault
04:02 Lumber Mill
05:21 Keep
05:24 Farm
08:15 Arcane Sanctum
08:18 Workshop
10:20 Workshop
10:24 Arcane Sanctum
10:26 Workshop
10:30 Arcane Sanctum
10:42 Farm
11:09 Farm
12:48 Castle
» items
                
                | Scroll of Regeneration | 3 |  | 
| Lesser Clarity Potion | 1 |  | 
| Boots of Speed | 2 |  | 
| Dust of Appearance | 1 |  | 
| Scroll of Town Portal | 3 |  | 
| Orb of Fire | 1 |  | 
| Potion of Healing | 2 |  | 
| Potion of Mana | 2 |  | 
                15 total
  
               
              
              
JimmiC (
blue | 50 APM | 1257 actions | 25:08)
              
 4 Demon Hunter 
 2 Mana Burn
 2 Evasion
 5 Naga Sea Witch 
 3 Frost Arrows
 2 Forked Lightning
 4 Dark Ranger 
 2 Black Arrow
 2 Silence
 
                » actions 
                
                | Assign group hotkey | 13 |  | 
| Basic commands | 54 |  | 
| Build / train | 58 |  | 
| ESC pressed | 1 |  | 
| Enter build submenu | 12 |  | 
| Enter hero's abilities submenu | 13 |  | 
| Give item / drop item | 5 |  | 
| Right click | 576 |  | 
| Select / deselect | 391 |  | 
| Select group hotkey | 21 |  | 
| Use ability | 113 |  | 
                1257 total
 » units 
                
                | Wisp | 14 |  | 
| Huntress | 4 |  | 
| Druid of the Claw | 3 |  | 
| Dryad | 6 |  | 
                27 total
 » upgrades
                
                | Druid of the Claw Training | 2 |  | 
| Abolish Magic | 1 |  | 
                3 total
 » buildings
                
                | Altar of Elders | 1 |  | 
| Moon Well | 7 |  | 
| Ancient of War | 1 |  | 
| Hunter's Hall | 1 |  | 
| Tree of Ages | 1 |  | 
| Tree of Eternity | 1 |  | 
| Ancient of Lore | 2 |  | 
                14 total
 » build order
                00:04 Altar of Elders
00:16 Moon Well
01:46 Ancient of War
01:49 Hunter's Hall
02:01 Moon Well
03:29 Tree of Ages
03:52 Moon Well
06:20 Tree of Eternity
06:22 Ancient of Lore
06:24 Ancient of Lore
08:14 Moon Well
11:08 Moon Well
14:34 Moon Well
14:47 Moon Well
» items
                
                | Boots of Speed | 1 |  | 
| Scroll of Town Portal | 2 |  | 
| Scroll of Healing | 3 |  | 
| Potion of Lesser Invulnerability | 2 |  | 
| Lesser Clarity Potion | 1 |  | 
| Scroll of Regeneration | 1 |  | 
                10 total
  
               observersGobiner, 
kunt.roII, 
298739283939208 Chat log
          (00:07 / All) TIMG4STRok: gg gl
(00:10 / All) greedoFthenoob: fuck u
(00:16 / All) greedoFthenoob: eta
(00:24 / All) TALONSAREIMBA: T Minus 10 for rape
(00:27 / Observers) Gobiner: gg gl hf obs
(00:35 / Observers) 298739283939208: TALONS SUCKS LOL
(00:39 / All) greedoFthenoob: top left position fyio
(00:44 / All) greedoFthenoob: fyi
(00:53 / All) TALONSAREIMBA: Are you English
(00:54 / Observers) 298739283939208: LOOK AT HIM MOVE THIS ACO
(01:00 / All) TALONSAREIMBA: ?
(01:12 / All) greedoFthenoob: training archmage
(01:23 / All) TALONSAREIMBA: I would tell u my info
(01:25 / All) TALONSAREIMBA: but your mh
(01:28 / All) TALONSAREIMBA: already gave it away
(01:32 / Observers) 298739283939208: talons wont go dl fiends
(01:55 / Observers) 298739283939208: talons and his no skill clord
(02:19 / Observers) Gobiner: keeper of the noobs
(02:36 / Observers) 298739283939208: timg is going to carry talons
(02:52 / All) TALONSAREIMBA: sweet harass
(03:24 / Observers) 298739283939208: talons cant surround
(04:03 / All) JimmiC: pro surround
(04:11 / Observers) 298739283939208: TALONS WILL LOSE THAT BEETLE
(04:15 / Observers) Gobiner: nothing says noob like a tower surrounded by farms
(04:16 / Observers) 298739283939208: LIKE A NOOB
(04:19 / Observers) 298739283939208: WHAT DID I TELL YOU
(04:37 / Observers) 298739283939208: TALONS LOST 6 BEETLES TO CREEPS
(04:54 / Observers) 298739283939208: RIP 6 CARRION BEEEEEEEETLES
(05:02 / All) TALONSAREIMBA: wow jimmic mah
(05:06 / All) TALONSAREIMBA: mh
(05:11 / Observers) 298739283939208: 3
(05:13 / Observers) 298739283939208: BEETLES
(05:14 / Observers) 298739283939208: SO FAR
(05:56 / Observers) 298739283939208: 1 FIEND
(05:57 / Observers) 298739283939208: NOOB
(05:58 / Observers) kunt.roII: TT
(06:15 / Observers) kunt.roII: LOL
(06:28 / Observers) 298739283939208: HES GOING TO LOSE THAT
(06:52 / Observers) 298739283939208: 5
(06:55 / Observers) 298739283939208: 6
(07:01 / Observers) 298739283939208: WE HAVE HIT OUR MAGIC NUMBER
(07:27 / Observers) kunt.roII: NAGA
(08:38 / Observers) 298739283939208: beetle lvl 2
(08:39 / Observers) 298739283939208: will die
(09:06 / Observers) Gobiner: undead is imba and nubelf is imba
(09:16 / Observers) 298739283939208: look at talons trying to be fucking darkjaws with wagon caster
(09:46 / Observers) kunt.roII: LOL
(10:07 / Observers) 298739283939208: TALONS AND HIS DARKJAWS
(10:27 / Observers) kunt.roII: plz mass poession
(10:28 / Observers) kunt.roII: yes
(10:58 / Observers) 298739283939208: TALONS ONLY SAYS THAT WHEN HE KNOWS HE WILL WIN
(11:05 / Observers) 298739283939208: TALONS GLOATING WHATS NEW
(11:05 / Observers) kunt.roII: haha
(11:26 / Observers) Gobiner: nice
(11:41 / Observers) 298739283939208: TALONS DOESNT GET IMPALE
(11:50 / Observers) kunt.roII: does he not have beetle on autocast
(12:02 / Observers) Gobiner: pros don't use autocast
(12:14 / Observers) 298739283939208: NIGHT ELF TRI HERO
(12:18 / Observers) 298739283939208: OF DH DR NAGA PRO
(12:24 / Observers) 298739283939208: DEAD DK
(12:24 / Observers) kunt.roII: timg talongs getting owned
(12:25 / Observers) 298739283939208: PRO
(12:28 / Observers) kunt.roII: once again
(12:51 / Observers) 298739283939208: SO FAR TALONS UNIT LOST = 20
(12:59 / Observers) 298739283939208: MAYBE MORE
(13:07 / Observers) 298739283939208: BUT ILL GIVE HIM SOME CREDIT
(13:20 / Observers) kunt.roII: am i gonna have to quit to give them a chance
(13:21 / Observers) 298739283939208: FROST WORM RELIANCE
(13:23 / Observers) 298739283939208: IS THERE
(13:51 / Observers) Gobiner: now I can see why timg likes playing with talons
(13:56 / Observers) 298739283939208: WHY?
(14:01 / Observers) Gobiner: talons carries
(14:19 / Observers) 298739283939208: TALONS CARRIES
(14:23 / Observers) 298739283939208: - GOBINER
(14:27 / Observers) Gobiner: you can quote me
(14:30 / Observers) 298739283939208: K
(14:38 / Observers) 298739283939208: TO DISECT THE QUOTE SOME MORE
(14:46 / Observers) 298739283939208: GOBINER IS IMPLYING THAT TIMG4STROK SUCKS
(14:49 / Observers) 298739283939208: AT WARCRAFT
(14:50 / Observers) Gobiner: ya
(14:53 / Observers) 298739283939208: AND TALONS CARRIES
(15:01 / Observers) 298739283939208: YOU HEARD IT 1ST HERE FOLKS
(15:08 / Observers) kunt.roII: *ahem*
(15:13 / Observers) kunt.roII: i beleive i said it first last game
(15:18 / Observers) Gobiner: *ahem*   --kunt.roii
(15:26 / Observers) 298739283939208: WELL
(15:31 / Observers) 298739283939208: YOU SIR CAN FUCK YOURSELF
(15:35 / Observers) Gobiner: can he?
(15:38 / Observers) Gobiner: that's cool
(15:40 / Observers) 298739283939208: HE PROBABLY CAN
(15:46 / Observers) kunt.roII: www.thewillpower.org
(15:55 / Observers) Gobiner: WWW.THEWILLPOWER.ORG
(15:56 / Observers) 298739283939208: THEHAMMER
(15:57 / Observers) 298739283939208: OR W/E
(15:59 / Observers) 298739283939208: I 4GOT
(16:04 / Observers) kunt.roII: l
(16:43 / Observers) Gobiner: pro bear
(17:00 / Observers) Gobiner: pink has no army
(17:08 / Observers) 298739283939208: TALONS ONLY GOT WORM BECAUSE HE CANT WIN ANY OTHER WAY
(17:14 / Observers) 298739283939208: LOL
(17:27 / Observers) 298739283939208: THIS ISNT GOING TO BE PRETTY 
(17:47 / Observers) 298739283939208: TALONS CANT USE DESTROS
(17:54 / Observers) 298739283939208: LOOK AT HIM NOT EAT THE SUMMONS
(18:19 / Observers) kunt.roII: yeah seirously
(18:23 / Observers) kunt.roII: plz eat w.e
(18:24 / Observers) 298739283939208: LOOK AT THE PRO HERO FOCUS BY TALONS
(18:33 / Observers) 298739283939208: IF HE GOT PALE
(18:37 / Observers) 298739283939208: IT WOULD BE EASIER
(18:53 / Observers) Gobiner: kunt do you think the two of us would win vs these nubs?
(18:54 / Observers) 298739283939208: LOOK AT TALONS GOLD
(19:05 / Observers) Gobiner: would be lollerific either way
(19:13 / Observers) kunt.roII: I DONT THINK WE WOULD
(19:15 / Observers) kunt.roII: BUT ILL TRY
(19:17 / Observers) 298739283939208: TALONS GLOATING ONCE AGAIN ABOUT HIS LVL 6 CLORD
(19:30 / Observers) kunt.roII: BLUE KNOWS HOW TO MAKE BEARS
(19:34 / Observers) kunt.roII: WAHT DO U KNOW HOW TO DO
(19:39 / Observers) Gobiner: hmm
(19:49 / Observers) 298739283939208: HE KNOWS TOWERS
(19:52 / Observers) 298739283939208: WHAT ELSE DOES HE NEED
(19:54 / Observers) Gobiner: not really
(20:04 / Observers) 298739283939208: aboms with no aids
(20:06 / Observers) 298739283939208: what a pro
(20:14 / Observers) kunt.roII: aid is here
(20:20 / Observers) 298739283939208: look frost worm reliance
(20:21 / Observers) 298739283939208: lol
(20:38 / Observers) Gobiner: frost wyrm alliance
(20:49 / Observers) 298739283939208: MAPHACK MAKES GAME EASIER
(20:51 / Observers) kunt.roII: relliance alliance?
(20:54 / Observers) 298739283939208: FROST WORM MAKE GAME EASIER
(20:59 / Observers) 298739283939208: BY THAT LOGIC 
(21:04 / Observers) 298739283939208: FROST WORM = HACK
(21:11 / All) TALONSAREIMBA: ur losing
(21:11 / Observers) 298739283939208: TALONS USES FROST WORM
(21:14 / Observers) 298739283939208: SO TALONS HACKS
(21:21 / Observers) 298739283939208: THEN AGAIN WHAT IS NEW 
(21:23 / Observers) Gobiner: undead is hax
(21:30 / Observers) 298739283939208: UD IS NOT HACK
(21:32 / Observers) 298739283939208: TALONS HACKS
(21:39 / All) TALONSAREIMBA: no tp
(21:52 / Observers) 298739283939208: NO TANGLE
(21:57 / Observers) 298739283939208: EVEN THOUGH IN HIS GROUP
(22:06 / Observers) kunt.roII: he doesnt have a tab key
(22:06 / Observers) Gobiner: nah
(22:08 / Observers) Gobiner: save the tangles
(22:09 / All) greedoFthenoob: undead is just attack move fest
(22:10 / Observers) Gobiner: 4 later
(22:13 / All) TALONSAREIMBA: 2v1 idiot
(22:22 / All) TALONSAREIMBA: u embarassed yet
(22:32 / Observers) 298739283939208: HERO FOCUS = COOL
(22:36 / Observers) Gobiner: probably everyone who beats greedofthenoob is an attack mover
(22:45 / Observers) Gobiner: why bother microing vs such a player?
(22:49 / Observers) Gobiner: it is a waste of key clicks
(23:08 / Observers) 298739283939208: TALONS IS PROBABLY MICROING FRANTICALLY EVEN THOUGH HE WILL NO DOUBT DENY IT
(23:18 / All) TALONSAREIMBA: what should i name
(23:19 / All) TALONSAREIMBA: this
(23:20 / All) TALONSAREIMBA: replay
(23:21 / All) TALONSAREIMBA: 2v1 turk loseS?
(23:24 / Observers) 298739283939208: TALONS SUCKS COCK
(23:26 / Observers) 298739283939208: POW
(23:29 / Observers) Gobiner: blam
(23:36 / All) greedoFthenoob: well
(23:38 / Observers) 298739283939208: JUST INCASE THEY LEAVE
(23:42 / Observers) 298739283939208: I WANT TALONS TO KNOW
(23:45 / Observers) Gobiner: what
(23:46 / Observers) 298739283939208: HE CAN LICK MY COCK
(23:47 / All) greedoFthenoob: i admit
(23:49 / Observers) 298739283939208: TONIGHT
(23:49 / All) greedoFthenoob: this is my fault
(23:52 / Observers) 298739283939208: FOR WINNING THIS
(23:53 / Observers) Gobiner: yads killing the wyrm?
(24:02 / Observers) Gobiner: timg backstabbing even after he quits?
(24:06 / Observers) 298739283939208: AND HE WILL PROBABLY GO ARG ARG ARG CORR YOU'RE A FAG
(24:09 / Observers) 298739283939208: OR SOMETHING OF THE SORT
(24:12 / Observers) 298739283939208: WHEN HE READS THIS
(24:26 / All) greedoFthenoob: lmao
(24:28 / All) greedoFthenoob: moral victory
(24:43 / Observers) 298739283939208: IF HE HAD IMPALE
(24:45 / All) TALONSAREIMBA: gg
(24:47 / Observers) 298739283939208: THIS WOULD BE A DIFFERENT CASE
(24:55 / Observers) 298739283939208: but then again
(25:00 / Observers) 298739283939208: its talons we are talking about
(25:01 / Observers) 298739283939208: here
(25:01 / Observers) Gobiner: he's conserving skill points
(25:07 / Observers) 298739283939208: look 
(25:07 / All) greedoFthenoob: frost wyrm
(25:07 / Observers) 298739283939208: lol
(25:11 / All) greedoFthenoob: more like imba wyrm
(25:12 / Observers) 298739283939208: im not reviving my dk
(25:13 / All) TALONSAREIMBA: 2v1
(25:15 / Observers) 298739283939208: cause these kids suck
(25:16 / All) greedoFthenoob: IT 1v1 NOW
(25:17 / Observers) 298739283939208: gloat
(25:18 / All) TALONSAREIMBA: with cl first
(25:19 / All) greedoFthenoob: IT ONLY 1v1 NOW
(25:24 / Observers) 298739283939208: GLOATING AS USUAL
(25:24 / All) TALONSAREIMBA: i 2v1ed you kid
(25:25 / All) TALONSAREIMBA: Lol
(25:26 / All) greedoFthenoob: CANT CLAIM 2v1
(25:28 / All) greedoFthenoob: WHEN 1v1
(25:30 / All) greedoFthenoob: NUUUUUUUUUUUUUB
(25:31 / All) TALONSAREIMBA: uhh..
(25:49 / All) greedoFthenoob: for those of you watching the replay at this point i'd like to make the following statement: